 Dungeon Crawl Stone Soup version 0.31-a0-1598-g94871bc2e8 (webtiles) character file.

Game seed: 7784104341015457562

1265 Inarius the Chopper (level 8, 0/54 HPs)
             Began as an Octopode Fighter on Jan 7, 2024.
             Killed from afar by an orc wizard (7 damage)
             ... with a magic dart
             ... on level 5 of the Dungeon.
             The game lasted 00:07:17 (5163 turns).

Inarius the Chopper (Octopode Fighter)              Turns: 5163, Time: 00:07:18

Health: 0/54       AC:  1    Str: 16    XL:     8   Next: 52%
Magic:  8/8        EV: 14    Int: 10    God:
Gold:   225        SH:  5    Dex: 13    Spells: 7/7 levels left

rFire   . . .        a - +0 war axe
rCold   . . .        b - +0 buckler
rNeg    . . .        (helmet restricted)
rPois   .            (no amulet)
rElec   .            (no ring)
rCorr   .            (no ring)
SInv    .            (no ring)
Will    .....        (no ring)
Stlth   ++++         (no ring)
HPRegen 0.29/turn    (no ring)
MPRegen 0.11/turn    (no ring)
                     (no ring)

%: no passive effects
@: no status effects
A: almost no armour, amphibious, 8 rings, camouflage 1, gelatinous body 1,
(nimble swimmer 1), tentacles
a: no special abilities


You were on level 5 of the Dungeon.
You visited 1 branch of the dungeon, and saw 6 of its levels.
You also visited: Sewer.

You collected 225 gold pieces.

Inventory:

Hand Weapons
 a - a +0 war axe (weapon)
Armour
 b - a +0 buckler (worn)
Wands
 h - a wand of iceblast (9)
 w - a wand of paralysis (7)
Scrolls
 j - 2 scrolls of revelation {unknown}
 k - 3 scrolls of enchant armour
 m - a scroll of immolation
 n - a scroll of teleportation {unknown}
 o - a scroll of fog
 p - a scroll of torment {unknown}
 q - a scroll of amnesia {unknown}
 s - 2 scrolls of noise
 t - a scroll of vulnerability {unknown}
 v - a scroll of blinking {unknown}
Potions
 c - 2 potions of might
 d - 2 potions of heal wounds {unknown}
 e - 3 potions of curing
 f - a potion of degeneration {unknown}
 g - 2 potions of mutation {unknown}
 i - 4 potions of cancellation {unknown}
 l - 2 potions of brilliance {unknown}
 r - a potion of lignification {unknown}
 u - 2 potions of magic {unknown}


   Skills:
 + Level 4.5 Fighting
 + Level 6.2 Axes
 + Level 4.6 Dodging
 + Level 5.3 Stealth
 + Level 4.1 Shields
 * Level 4.2 Evocations


You had 7 spell levels left.
You didn't know any spells.
Your spell library contained the following spells:

 Spells                   Type           Power      Damage    Failure   Level
 Cigotuvi's Dreadful Rot  Necr/Alch/Air  0%         N/A       58%         2
 Ignite Poison            Fire/Alch      0%         N/A       99%         4
 Freezing Cloud           Conj/Ice/Air   0%         6-21      100%        5
 Metabolic Englaciation   Hex/Ice        0%         N/A       100%        5
 Starburst                Conj/Fire      0%         6d3       100%        6
 Polar Vortex             Ice            0%         N/A       100%        9


Dungeon Overview and Level Annotations

Branches:
Dungeon (6/15)              Sewer (visited)
 Temple: D:4-7

Altars:
Hepliaklqana
Uskayaw
The Shining One

Annotations:
D:3 2 transporters, Pi314's ghost, amateur HOFE
D:4 1 runed translucent door, Pi314's ghost, amateur HOMo


Innate Abilities, Weirdness & Mutations

You cannot wear most types of armour.
You are amphibious.
You can wear up to eight rings at the same time.
Your skin changes colour to match your surroundings (Stealth+).
Your rubbery body absorbs attacks. (AC +1, EV +1)
((You are camouflaged when in or above water. (Stealth+)))
You have tentacles for arms and can constrict up to eight enemies at once.


Message History

The orc priest mumbles some strange prayers to Beogh against you.
Beogh smites you! The orc wizard casts a spell at you.
The puff of flame hits you!
Unknown command.
You are too injured to fight recklessly!
Unknown command.
You are too injured to fight recklessly!
Unknown command.
You are too injured to fight recklessly!
Unknown command.
You hit the orc priest.
The orc priest is heavily wounded.
You constrict the orc priest.
The orc wizard mumbles some strange words.
The orc wizard flickers and vanishes!
Deactivating autopickup; reactivate with Ctrl-A.
You block the orc priest's attack.
You barely miss the orc priest.
The orc priest is almost dead.
You constrict the orc priest.
You kill the orc priest!
Something hits you.
Unknown command.
Something hits you.
* * * LOW HITPOINT WARNING * * *
You see here a +0 short sword.
You hear some strange, mumbled words.
A puff of flame appears from out of thin air!
The puff of flame hits you!
* * * LOW HITPOINT WARNING * * *
You miss something. Something hits you.
* * * LOW HITPOINT WARNING * * *
You miss something. Something hits you.
* * * LOW HITPOINT WARNING * * *
You slash something!
You hear some strange, mumbled words.
A magic dart appears from out of thin air!
The magic dart hits you!
You die...

.# .## ..# ######
## ..# #....#
##.#### ..# ####.#
##..... ..# #.#
##.....### ..# #.#
#........ ..###
#.# #.?...# ....#
#.# #..@# ...##
#.# ##{)# ...##
#.# #..# ....#
##.## #..#
..#####...#####..#
..# #........##..#
..# ###...##.##..#
..# ##.##...#..#
..# #.........#


There were no monsters in sight!

Vanquished Creatures
  Sigmund (D:5)
  Menkaure (D:4)
  A centaur (D:6)
  Blork the orc (D:4)
  2 brain worms (Sewer)
  2 scorpions
  A hound (D:5)
  4 orc priests
  2 iguanas (D:5)
  3 sleepcaps (D:4)
  4 orc wizards (D:4)
  Robin (D:4)
  5 adders
  A river rat (Sewer)
  2 ufetubi (D:5)
  A ribbon worm (D:2)
  4 dart slugs
  16 orcs
  14 ball pythons
  8 bats
  6 endoplasms
  4 giant cockroaches
  18 goblins
  15 hobgoblins
  4 quokkas
  6 frilled lizards (Sewer)
  3 kobolds
  10 rats
140 creatures vanquished.

Notes
Turn   | Place    | Note
-------+----------+-------------------------------------------
     0 | D:1      | Inarius the Octopode Fighter began the quest for the Orb.
     0 | D:1      | Reached XP level 1. HP: 16/16 MP: 1/1
    62 | D:1      | Reached XP level 2. HP: 17/21 MP: 2/2
   306 | D:1      | Reached XP level 3. HP: 21/26 MP: 3/3
   843 | D:2      | Got the Precepts of the Glowing Tundra
   884 | D:2      | Reached XP level 4. HP: 27/31 MP: 4/4
  1043 | D:2      | Found a faded altar of an unknown god.
  1267 | D:3      | Reached skill level 1 in Stealth
  1270 | D:3      | Noticed Pi314's ghost (amateur HOFE)
  1277 | D:3      | Found a transporter.
  1372 | D:3      | Found a transporter.
  1568 | D:3      | Found a glowing drain.
  1572 | Sewer    | Entered a sewer
  1659 | Sewer    | Noticed a brain worm
  1676 | Sewer    | Killed a brain worm
  1677 | Sewer    | Reached skill level 3 in Axes
  1677 | Sewer    | Reached skill level 1 in Evocations
  1677 | Sewer    | Reached XP level 5. HP: 29/36 MP: 5/5
  1725 | Sewer    | Reached XP level 6. HP: 43/43 MP: 6/6
  2013 | D:3      | Identified the +1 leather armour of Cowardice {rF+ Dex+5}
  2593 | D:3      | You fall into a shaft and drop 3 floors!
  2634 | D:6      | Reached skill level 4 in Axes
  2795 | D:5      | Entered Level 5 of the Dungeon
  2807 | D:5      | Reached XP level 7. HP: 42/47 MP: 7/7
  3148 | D:4      | Noticed Menkaure
  3187 | D:4      | Noticed Robin
  3202 | D:4      | Killed Robin
  3370 | D:4      | Reached skill level 5 in Axes
  4064 | D:4      | Found a runed translucent door.
  4236 | D:4      | Noticed Pi314's ghost (amateur HOMo)
  4381 | D:4      | Killed Menkaure
  4382 | D:4      | Reached XP level 8. HP: 44/54 MP: 8/8
  4460 | D:4      | Noticed Blork the orc
  4466 | D:4      | Killed Blork the orc
  4533 | D:4      | Found a hide-covered altar of Uskayaw.
  4653 | D:5      | Found a glowing golden altar of the Shining One.
  4681 | D:5      | Noticed Sigmund
  4687 | D:5      | Killed Sigmund
  4688 | D:5      | Reached skill level 6 in Axes
  4688 | D:5      | Reached skill level 5 in Stealth
  4695 | D:5      | HP: 2/54 [iguana (9)]
  4966 | D:5      | Found a hazy altar of Hepliaklqana.
  5163 | D:5      | Killed from afar by an orc wizard

Illustrated notes

Levels and vault maps discovered:
D:1:      hellmonk_arrival_library, layout_rooms
D:2:      layout_rooms, shapermc_ecumenical_altar_gd, fountainhead,
          uniq_crazy_yiuf_cottage
D:3:      layout_basic, gup_sewer_entry_bowl, gammafunk_ghost_stat_death,
          minmay_misc_feat_iff, nicolae_houndstooth_variations
D:4:      layout_basic, kennysheep_mini_moat, ebering_ghost_reflecting_pool,
          minmay_misc_feat_diagonals, uniq_blork_the_orc, uniq_menkaure,
          uniq_robin
D:5:      layout_loops_ring, mainiacjoe_overflow_alcove_4,
          nicolae_tso_carved_into_rock,
          serial_library_regret_index_branch_corner, minmay_checkerbox,
          uniq_sigmund
D:6:      layout_loops_cross, lemuel_blue_sif_altar,
          minmay_temple_entry_offerings, serial_shops, shop

Skill      XL: |  1  2  3  4  5  6  7  8 |
---------------+-------------------------+-----
Stealth        | 2 3 4 5 |  5.3
Axes           | 3 4 5 6 |  6.2
Evocations     | 1 2 3 4 |  4.2
Dodging        | 4 |  4.6
Fighting       | 4 |  4.5
Shields        | 4 |  4.1

Action                     |  1- 3 |  4- 6 |  7- 9 || total
---------------------------+-------+-------+-------++-------
  Melee: War axe           |    59 |    85 |   121 ||   265
         Constrict         |    17 |    22 |    31 ||    70
         Tentacles         |    13 |    13 |    28 ||    54
         Punch             |     1 |     1 |     1 ||     3
  Evoke: Wand              |       |     2 |       ||     2
    Use: Scroll            |       |     4 |     1 ||     5
         Potion            |       |     2 |       ||     2
   Stab: Sleeping          |     5 |     9 |     6 ||    20
         Distracted        |       |     1 |       ||     1
 Armour: Skin              |    28 |    27 |    73 ||   128
  Dodge: Dodged            |    38 |    53 |    55 ||   146
  Block: Buckler           |    13 |    22 |    17 ||    52

Table legend: (Time is in decaauts)
 A = Elapsed time spent in this place.
 B = Non-inter-level travel time spent in this place.
 C = Inter-level travel time spent in this place.
 D = Time resting spent in this place.
 E = Time spent auto-exploring this place.
 F = Levels seen in this place.
 G = Mean time per level.
                   A        B        C        D        E       F      G
               +--------+--------+--------+--------+--------+-----+--------+
         Total |   5254 |   5102 |    152 |   1109 |   2537 |   7 |  750.6 |
       Dungeon |   4835 |   4683 |    152 |   1109 |   2339 |   6 |  805.8 |
         Sewer |    419 |    419 |      0 |      0 |    198 |   1 |  419.0 |
               +--------+--------+--------+--------+--------+-----+--------+

Top non-repeatable levels by time:
     D:4: 1551 daAuts
     D:3: 1171 daAuts
     D:1: 777 daAuts
     D:5: 629 daAuts
     D:2: 501 daAuts
   Sewer: 419 daAuts
     D:6: 203 daAuts
